Map: Cerulean Fall LE

Players

FightingFrog - Winner!

  • Race: Protoss Protoss
  • League: Grandmaster
  • Spawn Location: 7:00

Freeman

  • Race: Zerg Zerg
  • League: Grandmaster
  • Spawn Location: 1:00

VOD

Have the link to the VOD?

Description

Time

  • Played on: Dec. 8, 2018, 9:30 a.m.
  • Length: 12:03
Show
View Real Time Build Order
Export as new Build Order

FightingFrog Protoss - Winner!

Build Orders: 1 Gate Expand, Oracle Opening, Phoenix Opening 

Get SALT Encoding   

  12  0:00  Probe  
  13  0:12  Probe  
  14  0:19  Pylon  
  14  0:24  Probe  
  15  0:36  Probe  
  15  0:40  Gateway  
  16  0:44  Probe  
  16  0:45  Assimilator  
  17  0:53  Probe  
  18  1:03  Probe  
  19  1:15  Probe  
  20  1:24  Nexus  
  20  1:34  Cybernetics Core  
  20  1:37  Probe  
  21  1:42  Assimilator  
  21  1:49  Probe  
  21  1:52  Pylon  
  22  2:00  Probe  
  23  2:01  Adept  
  23  2:08  Probe  
  23  2:11  Warp Gate  
  26  2:16  Probe  
  27  2:27  Probe  
  28  2:30  Stargate  
  28  2:33  Probe  
  28  2:34  Adept  
  30  2:39  Probe  
  30  2:41  Probe  
  33  2:51  Probe  
  33  2:52  Probe  
  35  2:59  Gateway  
  35  3:03  Probe  
  35  3:04  Probe  
  37  3:15  Probe, Phoenix  
  37  3:16  Probe  
  41  3:22  Assimilator  
  41  3:28  Probe x2  
  41  3:30  Twilight Council  
  41  3:31  Sentry  
  45  3:35  Pylon  
  45  3:40  Probe  
  46  3:41  Assimilator  
  46  3:49  Pylon  
  46  3:53  Probe x2  
  46  3:55  Oracle  
  51  4:05  Probe x2  
  53  4:10  Robotics Facility  
  53  4:14  Zealot x2  
  57  4:17  Probe x2  
  59  4:25  Pylon  
  59  4:29  Probe x2, Dark Shrine  
  61  4:41  Probe  
  61  4:43  Probe  
  63  4:46  Nexus  
  63  4:50  Pylon  
  62  4:53  Probe  
  62  4:56  Phoenix, Probe  
  62  4:58  Pylon  
  62  4:59  Warp Prism  
  64  5:05  Probe  
  67  5:08  Probe  
  67  5:11  Pylon  
  68  5:17  Forge, Probe  
  68  5:20  Probe  
  70  5:29  Probe  
  70  5:30  Protoss Ground Weapons Level 1  
  70  5:31  Shadow Stride  
  70  5:32  Probe  
  70  5:33  Gateway  
  70  5:34  Gateway  
  72  5:36  Gateway  
  72  5:37  Gateway  
  72  5:42  Probe  
  73  5:44  Probe  
  74  5:50  Pylon  
  74  5:52  Shield Battery  
  74  5:54  Probe  
  74  5:56  Probe  
  76  5:57  Phoenix  
  76  5:59  Assimilator  
  76  6:01  Probe  
  77  6:05  Assimilator  
  77  6:06  Probe  
  77  6:09  Dark Templar x2  
  77  6:11  Probe  
  83  6:13  Probe  
  83  6:14  Pylon  
  83  6:18  Probe  
  85  6:19  Observer  
  85  6:23  Probe  
  88  6:25  Probe  
  88  6:27  Nexus  
  88  6:29  Pylon  
  88  6:30  Probe  
  89  6:35  Probe  
  89  6:37  Probe  
  89  6:39  Dark Templar x2  
  95  6:42  Probe  
  96  6:47  Probe  
  96  6:49  Probe  
  96  6:51  Charge  
  96  6:52  Dark Templar x2  
  102  6:55  Probe  
  102  6:59  Probe  
  104  7:02  Probe  
  104  7:03  Protoss Ground Weapons Level 2  
  104  7:07  Probe  
  104  7:08  Assimilator  
  106  7:11  Probe  
  106  7:12  Dark Templar  
  106  7:13  Dark Templar x3, Assimilator  
  106  7:14  Probe  
  116  7:19  Probe  
  117  7:23  Probe  
  117  7:26  Probe  
  119  7:31  Photon Cannon, Probe  
  119  7:33  Shield Battery  
  119  7:35  Gateway x2  
  120  7:39  Gateway  
  120  7:40  Forge  
  120  7:43  Dark Templar x2  
  124  7:45  Dark Templar x2  
  128  7:54  Pylon  
  128  7:57  Pylon  
  128  7:59  Pylon, Observer, Gateway  
  128  8:00  Gateway  
  129  8:19  Dark Templar x6  
  141  8:22  Protoss Shields Level 1, Pylon  
  141  8:24  Pylon  
  141  8:33  Nexus  
  141  8:34  Pylon  
  141  8:38  Photon Cannon  
  141  8:41  Photon Cannon  
  141  8:47  Dark Templar x3  
  147  8:57  Dark Templar x2, Zealot  
  147  8:58  Zealot x5  
  163  9:17  Protoss Ground Weapons Level 3  
  153  9:26  Dark Templar x4  
  153  9:27  Zealot x5  
  171  9:35  Zealot x2  
  149  10:04  Zealot x3  
  149  10:05  Zealot x8  
  167  10:26  Assimilator  
  167  10:31  Assimilator  
  167  10:33  Photon Cannon  
  167  10:34  Gateway x2  
  167  10:35  Shield Battery  
  167  10:36  Gateway  
  167  10:37  Pylon  
  167  10:38  Gateway  
  167  10:40  Gateway  
  167  10:43  Robotics Bay  
  167  10:46  Pylon  
  139  10:50  Zealot x3  
  139  10:56  Warp Prism  
  139  11:05  Dark Templar x4  
  139  11:06  Dark Templar x4  
  139  11:10  Robotics Facility  
  151  11:27  Dark Templar x2  
  157  11:43  Gateway  
  157  11:46  Gateway  
  153  11:51  Zealot x11  
  153  11:52  Zealot x2  
  153  11:54  Zealot  
Show
View Real Time Build Order
Export as new Build Order

Freeman Zerg 

Build Orders: Hatch First 

Get SALT Encoding   

  12  0:01  Drone  
  13  0:12  Overlord  
  13  0:17  Drone  
  14  0:30  Drone  
  14  0:31  Drone  
  16  0:49  Hatchery  
  15  0:52  Drone  
  15  0:55  Drone  
  17  1:00  Drone  
  18  1:09  Extractor  
  17  1:14  Spawning Pool  
  17  1:18  Drone  
  17  1:21  Drone  
  18  1:28  Drone  
  19  1:39  Drone  
  20  1:51  Drone  
  21  2:01  Queen x2  
  21  2:02  Zergling x4  
  27  2:12  Overlord  
  27  2:14  Drone  
  28  2:25  Metabolic Boost  
  28  2:32  Drone  
  28  2:34  Drone  
  28  2:36  Hatchery  
  29  2:37  Drone  
  30  2:44  Drone  
  30  2:45  Drone  
  30  2:47  Overlord  
  32  2:56  Queen, Drone  
  35  3:01  Drone  
  36  3:15  Drone x4  
  36  3:16  Drone x4  
  44  3:24  Overlord  
  44  3:25  Overlord  
  44  3:36  Spore Crawler  
  44  3:37  Drone  
  44  3:42  Queen  
  44  3:44  Drone  
  44  3:45  Drone  
  44  3:48  Queen, Drone x2  
  50  3:53  Drone x2  
  50  3:54  Evolution Chamber  
  50  3:55  Overlord  
  53  4:06  Drone  
  53  4:07  Drone x4  
  58  4:10  Spore Crawler  
  58  4:11  Spore Crawler  
  58  4:12  Extractor  
  58  4:14  Drone  
  58  4:15  Drone x2  
  58  4:23  Drone x4  
  62  4:26  Zerg Melee Weapons Level 1  
  62  4:33  Drone x2  
  62  4:34  Drone x2  
  65  4:48  Overlord  
  65  4:49  Overlord x2  
  65  4:53  Lair  
  65  4:54  Extractor  
  64  5:04  Overlord  
  64  5:05  Hatchery  
  63  5:08  Drone x7  
  70  5:14  Drone  
  70  5:15  Drone x3  
  74  5:22  Baneling Nest  
  74  5:24  Extractor, Drone x3  
  74  5:25  Extractor  
  74  5:30  Overlord  
  74  5:31  Hatchery  
  74  5:33  Drone x2  
  74  5:34  Drone x6  
  81  5:44  Zergling x4  
  81  5:45  Zergling x4  
  85  5:55  Hydralisk Den  
  84  6:07  Centrifical Hooks  
  84  6:09  Baneling x5  
  84  6:11  Overlord x2  
  84  6:13  Drone x6  
  84  6:14  Zergling x10  
  95  6:23  Zerg Melee Weapons Level 2  
  95  6:31  Spine Crawler  
  95  6:32  Spine Crawler  
  93  6:35  Extractor  
  92  6:46  Hydralisk, Grooved Spines  
  92  6:47  Hydralisk x6  
  92  6:53  Extractor, Drone x3  
  108  6:54  Drone x3  
  108  6:57  Drone  
  108  6:58  Hydralisk, Infestation Pit  
  111  7:09  Overseer  
  110  7:19  Hydralisk x4  
  110  7:20  Zergling x4, Hydralisk  
  110  7:21  Zergling x8  
  125  7:34  Spine Crawler  
  124  7:37  Overlord x3  
  124  7:38  Overlord x3  
  124  7:39  Hive  
  124  7:43  Extractor  
  123  7:45  Hatchery  
  123  7:47  Drone x3  
  123  7:48  Drone x2  
  123  7:49  Drone  
  128  7:52  Overseer  
  128  7:55  Drone, Spine Crawler  
  128  7:57  Spire  
  128  7:58  Muscular Augments  
  127  8:14  Hydralisk x3  
  127  8:15  Zergling x4, Hydralisk x2  
  127  8:16  Zergling x12  
  145  8:41  Hatchery  
  144  9:03  Drone x3  
  144  9:04  Drone  
  144  9:05  Overlord x2  
  148  9:15  Hatchery  
  143  9:21  Hydralisk x6  
  143  9:22  Zergling x2  
  143  9:23  Zergling x14  
  133  9:25  Pneumatized Carapace  
  133  9:26  Overseer  
  133  9:27  Greater Spire  
  130  9:35  Hydralisk x3  
  108  9:51  Overseer  
  99  9:57  Hydralisk x4  
  99  9:58  Zergling x10  
  96  10:00  Baneling  
  96  10:01  Baneling x9  
  96  10:20  Zergling x12  
  96  10:21  Zergling x4  
  104  10:35  Hydralisk x4  
  106  10:36  Zergling x8  
  101  10:57  Corruptor x3  
  101  11:16  Hatchery  
  98  11:20  Corruptor  
  100  11:34  Baneling x14  
Tags
 
Add a new tag
Caveats
  • Supply blocks, unpowered buildings, or Contaminate may cause inaccurate times.
  • Supply counts are checked every 10 seconds.